cohdb
Replays
Latest Replays
All Replays
Popular Replays
Top Player Replays
Match Explorer
How It Works
Community
CoH3 Stats
Reddit
Sign in to upload your games and track your stats! →
Sign in with Steam
Match 45687335
Unlisted
Match 45687335
Overview
Messages
Build Orders
End
Kettenkrad Recon Vehicle
Construct Infanterie Kompanie
MG 42 Machine Gun Team
Selects Breakthrough Battlegroup
Selects Assault Grenadiers
Grenadier Squad
GrW 34 Mortar Team
Construct Luftwaffe Kompanie
Kettenkrad Recon Vehicle
Selects Smoke Bombing Run
Jäger Squad
Flak 30 Anti-aircraft Gun Team
Selects Mechanized Assault Group
Mechanized Assault Group
Support Elements
Marder III M Tank Destroyer
Selects Rapid Production
Marder III M Tank Destroyer
Wirbelwind Flakpanzer
Selects Blitzkrieg
Flak 30 Anti-aircraft Gun Team
VndctL
connaire
Herr Blautier
TBoR
0
0
Comments
sign in to comment!
No comments posted yet!